 Dungeon Crawl Stone Soup version 0.27.1-33-g824d729ab1 (webtiles) character file.

Game seed: 17171013268571549119

95 mcbry74 the Cudgeller (level 4, 0/41 HPs)
             Began as a Troll Gladiator on Dec 29, 2021.
             Slain by an orc (6 damage)
             ... on level 3 of the Dungeon.
             The game lasted 00:08:15 (1746 turns).

mcbry74 the Cudgeller (Troll Gladiator)             Turns: 1746, Time: 00:08:15

Health: 0/41       AC:  4    Str: 23    XL:     4   Next: 39%
Magic:  3/3        EV: 10    Int:  4    God:
Gold:   61         SH:  0    Dex: 11    Spells: 3/3 levels left

rFire    . . .     SeeInvis .   a - +0 flail
rCold    . . .     Faith    .   (no shield)
rNeg     . . .     Spirit   .   b - +0 robe
rPois    .         Reflect  .   c - +0 hat
rElec    .         Harm     .   (no cloak)
rCorr    .         Rampage  .   (gloves unavailable)
Will     .....                  (boots unavailable)
Stlth    +.........             (no amulet)
HPRegen  1.13/turn              (no ring)
MPRegen  0.08/turn              (no ring)

@: no status effects
A: large, unfitting armour, claws 3, regeneration 1, shaggy fur 1, tough skin 1
a: no special abilities


You were on level 3 of the Dungeon.
You visited 1 branch of the dungeon, and saw 3 of its levels.

You collected 87 gold pieces.
You spent 26 gold pieces at shops.

Inventory:

Hand Weapons
 a - a +0 flail (weapon)
Missiles
 d - 3 throwing nets
 k - 19 poisoned darts (quivered)
 n - 22 sling bullets
Armour
 b - a +0 robe (worn)
 c - a +0 hat (worn)
Magical Staves
 g - a staff of cold
Jewellery
 o - a ring of positive energy
Scrolls
 f - a scroll of fog {unknown}
 h - a scroll of blinking
 i - a scroll of fear
 l - a scroll of enchant weapon
Potions
 e - a potion of resistance
 j - 2 potions of brilliance {unknown}
 m - a potion of curing {unknown}
 p - a potion of flight {unknown}


   Skills:
 - Level 1.5 Fighting
 + Level 4.8 Maces & Flails
 - Level 1.7 Throwing
 - Level 2.4 Dodging


You had 3 spell levels left.
You didn't know any spells.
Your spell library contained the following spells:

 Spells                   Type           Power      Damage    Failure   Level
 Shock                    Conj/Air       0%         1d3       50%         1
 Swiftness                Air            0%         N/A       86%         3
 Airstrike                Air            0%         N/A       99%         4


Dungeon Overview and Level Annotations

Branches:
Dungeon (3/15)

Altars:

Shops:
D:1 *=   D:3 !(:


Innate Abilities, Weirdness & Mutations

You are too large for most types of armour.
You have claws for hands.
Your natural rate of healing is unusually fast.
You are covered in fur. (AC +1)
You have tough skin. (AC +1)


Message History

The orc priest hits you with a +0 club. x2; The bat closely misses you.
You sock the orc priest!
You kill the orc priest!
The bat closely misses you. The bat barely misses you.
You have reached level 4!
You closely miss the orc. The bat hits you but does no damage.
The bat hits you.
The orc hits you with a +0 vorpal flail!
* * * LOW HITPOINT WARNING * * *
The bat completely misses you.
You hit the orc.
The orc is lightly wounded.
The bat closely misses you.
The orc hits you with a +0 vorpal flail.
* * * LOW HITPOINT WARNING * * *
x2 The bat hits you but does no damage.
The orc barely misses you.
You barely miss the orc.
The orc is lightly wounded.
The bat hits you.
* * * LOW HITPOINT WARNING * * *
The bat hits you but does no damage. The orc closely misses you.
You hit the orc.
The orc is moderately wounded.
The bat hits you but does no damage. The bat closely misses you.
The orc hits you with a +0 vorpal flail.
* * * LOW HITPOINT WARNING * * *
x2 You closely miss the orc.
The orc is moderately wounded.
The bat closely misses you. The orc hits you but does no damage.
The bat closely misses you.
You hit the orc but do no damage.
The orc is moderately wounded.
The bat closely misses you. The bat hits you.
* * * LOW HITPOINT WARNING * * *
The orc closely misses you.
You closely miss the orc.
The orc is moderately wounded.
The bat hits you but does no damage.
The orc hits you with a +0 vorpal flail.
You die...

#####.....[#
###.##.# ... .)
... . # ##.# #.
#.. #.###.#
#.....###########
..##..rbbb@oS.....
.......r#########.
###.##..# #.## #r#
#.# #.# #r##
##..##


You could see an orc, 3 bats, a ball python and 2 rats.

Vanquished Creatures
  An orc priest (D:3)
  An adder (D:2)
  A dart slug (D:1)
  An orc (D:3)
  7 ball pythons
  5 bats
  4 endoplasms
  A giant cockroach (D:2)
  6 goblins
  6 hobgoblins
  4 jackals (D:1)
  3 quokkas
  A frilled lizard (D:1)
  2 kobolds
  4 rats
47 creatures vanquished.

Vanquished Creatures (others)
  4 toadstools (D:1)
4 creatures vanquished.

Grand Total: 51 creatures vanquished

Notes
Turn   | Place    | Note
-------+----------+-------------------------------------------
     0 | D:1      | mcbry74 the Troll Gladiator began the quest for the Orb.
     0 | D:1      | Reached XP level 1. HP: 19/19 MP: 0/0
    75 | D:1      | Reached skill level 3 in Maces & Flails
   161 | D:1      | Reached XP level 2. HP: 27/27 MP: 1/1
   216 | D:1      | Found a faded altar of an unknown god.
   248 | D:1      | Found Kib Qisu's General Store.
   255 | D:1      | Bought a scroll of identify for 26 gold pieces
   779 | D:1      | Found Uczytisi's Jewellery Shop.
   825 | D:1      | Reached XP level 3. HP: 33/33 MP: 2/2
  1034 | D:2      | Reached skill level 4 in Maces & Flails
  1621 | D:3      | Found Muofrec's Distillery.
  1657 | D:3      | Found Jodd's Weapon Emporium.
  1663 | D:3      | Found Vyrial's Book Boutique.
  1740 | D:3      | Reached XP level 4. HP: 21/41 MP: 3/3
  1746 | D:3      | Slain by an orc

Illustrated notes

Levels and vault maps discovered:
D:1:      ldierk_water_garden, layout_basic, serial_shops, shop,
          nicolae_diamond_shop, chequers_ecumenical_altar_simple_redux
D:2:      layout_loops_cross
D:3:      layout_loops_ring, chei_slow_surprise, serial_shops, shop,
          nicolae_shop_overgrown_old_shop, nicolae_shop_crystal, shop,
          nicolae_square_shop, gup_sewer_entry_spiral

Skill      XL: |  1  2  3 |
---------------+----------+-----
Maces & Flails | 3 4 |  4.8
Fighting       | |  1.5
Throwing       | |  1.7
Dodging        | |  2.4

Action                   |  1- 3 |  4- 6 || total
-------------------------+-------+-------++-------
Melee: Flail             |   138 |     7 ||   145
Throw: Dart              |     1 |       ||     1
  Use: Scroll            |     4 |       ||     4
 Stab: Sleeping          |     2 |       ||     2
Armor: Robe              |   153 |     6 ||   159
Dodge: Dodged            |   209 |     9 ||   218
